 Dungeon Crawl Stone Soup version 0.18.1-48-g4cf74bf (webtiles) character file.

93 Galewin the Bolt Thrower (level 4, -10/37 HPs)
             Began as a Centaur Hunter on July 7, 2016.
             Mangled by an orc warrior
             ... wielding a +0 war axe
              (22 damage)
             ... on level 3 of the Dungeon.
             The game lasted 00:03:26 (1233 turns).

Galewin the Bolt Thrower (Centaur Hunter)           Turns: 1233, Time: 00:03:27

Health: -10/37     AC:  5    Str: 15      XL:     4   Next: 36%
Magic:  4/4        EV:  9    Int:  7 (10) God:
Gold:   96         SH:  0    Dex:  9 (10) Spells: 0 memorised, 3 levels left

rFire  . . .     SeeInvis .     b - +0 short sword
rCold  . . .     Gourm    .     c - +0 leather armour
rNeg   . . .     Faith    .     (no shield)
rPois  .         Spirit   .     (no helmet)
rElec  .         Dismiss  .     i - +0 cloak
rCorr  .         Reflect  .     (no gloves)
SustAt .         Harm     .     (no barding)
MR     .....                    (no amulet)
Stlth  +.........               (no ring)
                                (no ring)

@: very quick, not resistant to hostile enchantments, very unstealthy
A: hooves 3, deformed body, speed 2, tough skin 3
a: no special abilities


You were on level 3 of the Dungeon.
You were not hungry.

You visited 1 branch of the dungeon, and saw 3 of its levels.

You collected 96 gold pieces.

Inventory:

Hand Weapons
 a - a +1 hand crossbow
 b - a +0 short sword (weapon)
Missiles
 d - 29 bolts
Armour
 c - a +0 leather armour (worn)
 i - a +0 cloak (worn)
Jewellery
 k - a +2 amulet of reflection {unknown}
Scrolls
 h - 3 scrolls of remove curse {unknown}
 n - 2 scrolls of identify {unknown}
Potions
 e - a potion of curing {unknown}
 l - 2 potions of mutation {unknown}
Comestibles
 f - 2 bread rations
 g - a beef jerky
 j - 5 fruits
 m - a meat ration
 o - a slice of pizza


   Skills:
 + Level 2.4 Fighting
 * Level 1.6 Short Blades
 * Level 5.0 Crossbows
 + Level 2.0 Dodging
 + Level 0.9 Stealth


You had 3 spell levels left.
You didn't know any spells.

Dungeon Overview and Level Annotations

Branches:
Dungeon (3/15)

Altars:
Fedhas
Sif Muna


Innate Abilities, Weirdness & Mutations

You have hooves in place of feet.
Armour fits poorly on your strangely shaped body.
You cover ground very quickly.
You have extremely tough skin (AC +3).


Message History

The orc barely misses you.
You bump into the rock wall.
You hear some strange, mumbled words.
Something tries to affect you, but you resist.
You bump into the rock wall.
The orc hits you but does no damage.
You hear some strange, mumbled words.
A puff of flame appears from out of thin air!
The puff of flame hits you!
You bump into the rock wall.
You closely miss something. Your kick misses something.
Something hits you but does no damage.
You closely miss something.
The orc warrior hits you with a war axe!
Something hits you but does no damage.
You bump into the rock wall.
You feel less confused. Something hits you.
The orc warrior hits you with a war axe!!
Ouch! That really hurt!
You die...

#....<.#########
#.#.............
#......########.
####......# #
##..##(#####.##.#
#.............{##
########.##......
#.###(....
#.@ooo(=..
##########


You could see an orc warrior and 2 orcs.

Vanquished Creatures
  An orc wizard (D:3)
  2 adders (D:2)
  2 dart slugs (D:2)
  A giant gecko (D:2)
  2 giant cockroaches (D:1)
  6 goblins
  8 hobgoblins
  8 bats
  5 kobolds (D:1)
  7 rats
42 creatures vanquished.

Notes
Turn   | Place    | Note
--------------------------------------------------------------
     0 | D:1      | Galewin the Centaur Hunter began the quest for the Orb.
     0 | D:1      | Reached XP level 1. HP: 17/17 MP: 1/1
   116 | D:1      | Reached XP level 2. HP: 24/24 MP: 2/2
   129 | D:1      | Reached skill level 1 in Short Blades
   516 | D:2      | Found a faded altar to an unknown god.
   562 | D:2      | Reached XP level 3. HP: 29/29 MP: 3/3
   615 | D:2      | Found a deep blue altar of Sif Muna.
   680 | D:2      | Found a blossoming altar of Fedhas.
  1221 | D:3      | Noticed an orc warrior
  1225 | D:3      | Reached skill level 5 in Crossbows
  1225 | D:3      | Reached XP level 4. HP: 33/37 MP: 4/4
  1233 | D:3      | Mangled by an orc warrior

Skill      XL: |  1  2  3 |
---------------+----------+-----
Short Blades   | 1 |  1.6
Crossbows      | 5 |  5.0
Dodging        | 2 |  2.0
Fighting       | |  2.4
Stealth        | |  0.9

Action                   |  1- 3 |  4- 6 || total
-------------------------+-------+-------++-------
Melee: Short sword       |       |     2 ||     2
 Fire: Hand crossbow     |   101 |     1 ||   102
  Use: Scroll            |     2 |       ||     2
       Potion            |     1 |       ||     1
Armor: Leather armour    |    19 |     2 ||    21
Dodge: Dodged            |    30 |     2 ||    32
